 Dungeon Crawl Stone Soup version 0.13-a0-1536-gedae9ec (webtiles) character file.

283 Kae the Slinger (level 5, -8/34 HPs)
             Began as a Halfling Hunter on June 9, 2013.
             Killed from afar by Kae's ghost (10 damage)
             ... with a puff of frost
             ... in a sewer.
             The game lasted 00:03:23 (2715 turns).

Kae the Slinger (Halfling Hunter)                   Turns: 2715, Time: 00:03:24

HP  -8/34        AC  3     Str  9      XL: 5   Next: 96%
MP   4/4         EV 13     Int 11      God:
Gold 99          SH  0     Dex 18      Spells:  0 memorised,  4 levels left

Res.Fire  : . . .   See Invis. : .   a - +0 short sword
Res.Cold  : . . .   Warding    : .   d - +0 leather armour
Life Prot.: . . .   Conserve   : .   (no shield)
Res.Poison: .       Res.Corr.  : .   (no helmet)
Res.Elec. : .       Clarity    : .   (no cloak)
Sust.Abil.: . .     Spirit.Shd : .   (no gloves)
Res.Mut.  : .       Stasis     : .   (no boots)
Res.Rott. : .       Flight     : .   (no amulet)
Saprovore : . . .                    (no ring)
                                     (no ring)

@: slightly resistant to hostile enchantments, unstealthy
A: mutation resistance 1, slow metabolism 1, wild magic 1
a: no special abilities


You were in a sewer.
You were not hungry.

You visited 1 branch of the dungeon, and saw 3 of its levels.
You also visited: Sewer.

You collected 79 gold pieces.

Inventory:

Hand weapons
 a - a +0,+0 short sword (weapon)
 b - a +1,+1 sling
Missiles
 c - 26 sling bullets
 o - 42 stones (quivered)
Armour
 d - a +0 leather armour (worn)
Comestibles
 f - a bread ration
 m - an apple
Scrolls
 e - a scroll of curse jewellery {unknown}
 g - a scroll of recharging {unknown}
 h - 2 scrolls of remove curse {unknown}
 j - 4 scrolls of identify {unknown}
 k - a scroll of enchant weapon II {unknown}
 l - a scroll of curse armour {unknown}
 n - a scroll of enchant weapon I {unknown}
 p - a scroll of random uselessness {unknown}
 s - a scroll of teleportation {unknown}
Potions
 i - 2 potions of mutation
 q - a potion of curing {unknown}
 r - a potion of heal wounds {unknown}


   Skills:
 - Level 0.8 Fighting
 + Level 9.6 Slings
 - Level 2.5 Dodging
 - Level 1.3 Stealth


You had 4 spell levels left.
You didn't know any spells.

Dungeon Overview and Level Annotations

Branches:
Dungeon (3/27)

Altars:
Elyvilon
Fedhas
Yredelemnul

Annotations
Sewer Kae's ghost, experienced DEIE


Innate Abilities, Weirdness & Mutations

You are small and have problems with some larger weapons.
You are somewhat resistant to further mutation.
You have a slow metabolism.
Your spells are a little harder to cast, but a little more powerful.


Message History

Kae's ghost casts a spell at you. The puff of frost hits you!
One of your 2 silvery potions freezes and shatters!
* * * LOW HITPOINT WARNING * * *
You are too injured to fight recklessly!
You are too injured to fight recklessly!
You are too injured to fight recklessly!
You are too injured to fight recklessly!
You are too injured to fight recklessly!
You are too injured to fight recklessly!
You are too injured to fight recklessly!
You are too injured to fight recklessly!
You are too injured to fight recklessly!
Drink which item? (? for menu, Esc to quit)
You feel extremely strange.
You feel less in control of your magic.
It was a potion of mutation.
Kae's ghost points at you and mumbles some strange words.
The puff of frost hits you!
You die...

#.≈≈≈≈≈≈≈≈≈≈≈
#.≈≈≈≈≈≈≈≈≈≈≈≈≈≈
#.≈≈≈≈≈≈≈≈≈≈≈≈≈≈
#.≈≈≈.≈≈≈≈≈≈≈≈≈
#.≈≈≈.≈≈≈≈≈≈≈≈########.#
#.≈≈≈≈..≈≈≈≈≈≈≈≈≈≈.≈≈≈≈#
#.≈≈≈≈≈≈≈≈≈≈s≈≈≈≈≈≈≈≈≈≈#
#.≈≈≈≈≈≈≈≈≈≈≈≈≈≈≈≈p≈≈≈.#
#..≈≈%≈≈≈≈≈≈≈≈≈≈@≈≈≈≈≈.#
##.....≈.≈≈.((...s.....#
#######################


You could see Kae's ghost and 2 giant cockroaches.

Vanquished Creatures
  An orc priest (D:3)
  An orc wizard (D:3)
  2 adders (D:2)
  2 giant mites
  A grey rat (D:3)
  3 giant geckos
  4 orcs (D:3)
  4 ball pythons
  11 goblins
  13 hobgoblins
  6 jackals (D:1)
  A quokka (D:2)
  5 bats
  4 giant cockroaches
  15 giant newts
  6 kobolds
  7 rats
86 creatures vanquished.

Vanquished Creatures (others)
  A hobgoblin (D:3)
1 creature vanquished.

Grand Total: 87 creatures vanquished

Notes
Turn   | Place    | Note
--------------------------------------------------------------
     0 | D:1      | Kae, the Halfling Hunter, began the quest for the Orb.
     0 | D:1      | Reached XP level 1. HP: 14/14 MP: 0/0
    47 | D:1      | Reached skill level 6 in Slings
    52 | D:1      | Reached XP level 2. HP: 19/19 MP: 1/1
   228 | D:1      | Reached XP level 3. HP: 18/24 MP: 2/2
   229 | D:1      | Reached skill level 7 in Slings
   677 | D:2      | Reached XP level 4. HP: 27/29 MP: 3/3
   890 | D:2      | Reached skill level 8 in Slings
  1047 | D:2      | Found a blossoming altar of Fedhas.
  1675 | D:2      | Noticed a giant goldfish zombie
  1802 | D:2      | Found a basalt altar of Yredelemnul.
  2125 | D:2      | Reached XP level 5. HP: 30/34 MP: 4/4
  2224 | D:3      | Reached skill level 9 in Slings
  2501 | D:3      | Found a white marble altar of Elyvilon.
  2513 | D:3      | Found a glowing drain.
  2531 | Sewer    | Entered a sewer
  2710 | Sewer    | Noticed Kae's ghost (experienced DEIE)
  2715 | Sewer    | Gained mutation: Your spells are a little harder to cast, but a little more powerful. [potion of mutation]
  2715 | Sewer    | Killed from afar by Kae's ghost

Action                   |  1- 3 |  4- 6 || total
-------------------------+-------+-------++-------
Melee: Short sword       |    36 |   124 ||   160
 Fire: Sling             |    55 |    36 ||    91
Throw: Stone             |       |    12 ||    12
  Use: Potion            |       |     1 ||     1
 Stab: Sleeping          |       |     3 ||     3
